 Dungeon Crawl Stone Soup version 0.23.2-1-ga50397a (webtiles) character file.

Game seed: 3616485596508429615

438 shadizar the Skirmisher (level 7, -6/45 HPs)
             Began as a Gargoyle Fighter on Apr 27, 2019.
             Killed by divine providence
             ... invoked by an orc priest
              (16 damage)
             ... on level 4 of the Dungeon.
             The game lasted 00:10:26 (4581 turns).

shadizar the Skirmisher (Gargoyle Fighter)          Turns: 4581, Time: 00:10:27

Health: -6/45      AC: 14    Str: 21    XL:     7   Next: 1%
Magic:  7/7        EV:  6    Int:  9    God:
Gold:   138        SH:  9    Dex:  9    Spells: 6/6 levels left

rFire    . . .     SeeInvis .   u - +0 mace
rCold    . . .     Gourm    .   c - +0 shield
rNeg     + . .     Faith    .   r - +0 chain mail
rPois    ∞         Spirit   .   (no helmet)
rElec    +         Reflect  .   (no cloak)
rCorr    .         Harm     .   (no gloves)
MR       .....                  (no boots)
Stlth    ..........             (no amulet)
HPRegen  0.15/turn              (no ring)
MPRegen  0.10/turn              (no ring)

@: hasted, very quick
A: negative energy resistance 1, electricity resistance, unbreathing,
petrification resistance, rot immunity, AC +4
a: no special abilities


You were on level 4 of the Dungeon.
You were hungry.

You visited 2 branches of the dungeon, and saw 5 of its levels.
You also visited: Sewer.

You collected 138 gold pieces.

Inventory:

Hand Weapons
 u - a +0 mace (weapon)
Armour
 b - a +0 scale mail
 c - a +0 shield (worn)
 r - a +0 chain mail (worn)
 w - a +0 animal skin
 x - a +0 helmet
 B - a cursed +0 cloak
 D - a +0 pair of gloves
Jewellery
 k - a +4 ring of dexterity {unknown}
 s - a +3 amulet of reflection {unknown}
Wands
 d - a wand of flame (15)
Scrolls
 a - a scroll of amnesia {unknown}
 g - 3 scrolls of remove curse {unknown}
 h - a scroll of random uselessness {unknown}
 i - 3 scrolls of identify {unknown}
 l - 2 scrolls of enchant weapon {unknown}
 n - 2 scrolls of fog {unknown}
 t - 4 scrolls of teleportation {unknown}
 y - 2 scrolls of fear {unknown}
 C - a scroll of noise {unknown}
Potions
 e - 2 potions of flight {unknown}
 j - 2 potions of agility {unknown}
 m - a potion of haste
 o - a potion of brilliance {unknown}
 p - a potion of degeneration {unknown}
 q - 3 potions of heal wounds {unknown}
 v - a potion of lignification {unknown}
 z - a potion of magic {unknown}
 A - a potion of might
Comestibles
 f - 5 rations


   Skills:
 * Level 5.7 Fighting
   Level 2.3 Short Blades
 + Level 1.7 Maces & Flails
 + Level 4.4 Armour
 + Level 1.9 Dodging
 + Level 4.5 Shields


You had 6 spell levels left.
You didn't know any spells.
Your spell library was empty.

Dungeon Overview and Level Annotations

Branches:
Dungeon (4/15)             Temple (1/1) D:4

Altars:
Ashenzari
Cheibriados
Dithmenos
Elyvilon
Gozag
Kikubaaqudgha
Makhleb
Nemelex Xobeh
Qazlal
Ru
Uskayaw
Vehumet
Xom
Yredelemnul
Zin

Annotations:
D:3 3 runed translucent doors, Borbor's ghost, amateur BaFi


Innate Abilities, Weirdness & Mutations

You are resistant to torment.
Your stone body is resilient. (AC +4)
You are immune to poison.
You resist negative energy. (rN+)
You are resistant to electric shocks. (rElec)
You can survive without breathing.
You are immune to petrification.
You are immune to rotting.


Message History

You miss something. You block something's attack.
The orc priest looks satisfied for a moment.
You miss something. Something hits you but does no damage.
You hit something.
Your shield and chain mail prevent you from hitting something.
Something hits you but does no damage.
You closely miss something.
You hear some strange, mumbled words.
Something tries to affect you, but you resist.
Your chain mail prevents you from hitting something.
You block something's attack.
You closely miss something.
You hear some strange, mumbled words.
A magic dart appears from out of thin air!
The magic dart hits you!
* * * LOW HITPOINT WARNING * * *
You barely miss something. You block something's attack.
The orc priest invokes the aid of Beogh against you.
Beogh smites you!
You die...

.......#.......#
#.
#######.########
#. #.# #. #.# #o
#.# #{ #.# #.
#.#
#)#########.#
#oo{@)......#
#############


You could see an orc priest and an orc.

Vanquished Creatures
  A howler monkey (D:4)
  A hound (D:4)
  An orc wizard (D:3)
  Jessica (D:2)
  3 worker ants (D:4)
  Robin (D:3)
  8 adders
  4 oozes
  A worm (D:2)
  A dart slug (D:4)
  2 leopard geckos
  10 orcs
  2 ball pythons
  5 giant cockroaches
  18 goblins
  9 hobgoblins
  18 jackals
  9 bats
  9 frilled lizards
  15 kobolds
  A quokka skeleton (D:4)
  12 rats
  4 plants (Sewer)
136 creatures vanquished.

Notes
Turn   | Place    | Note
-------+----------+-------------------------------------------
     0 | D:1      | shadizar the Gargoyle Fighter began the quest for the Orb.
     0 | D:1      | Reached XP level 1. HP: 14/14 MP: 1/1
    47 | D:1      | Reached XP level 2. HP: 19/19 MP: 2/2
   170 | D:1      | Reached XP level 3. HP: 22/24 MP: 3/3
   904 | D:2      | Reached skill level 4 in Fighting
   981 | D:2      | Noticed Jessica
   991 | D:2      | Killed Jessica
   991 | D:2      | Reached skill level 1 in Dodging
   991 | D:2      | Reached XP level 4. HP: 29/29 MP: 4/4
  1376 | D:3      | Found a runed translucent gate.
  1377 | D:3      | Noticed Borbor's ghost (amateur BaFi)
  1433 | D:3      | Found a runed translucent gate.
  1433 | D:3      | Found a runed translucent gate.
  1445 | D:3      | Reached XP level 5. HP: 32/34 MP: 5/5
  1493 | D:3      | Found a hide-covered altar of Uskayaw.
  1580 | D:3      | Noticed Robin
  1613 | D:3      | Killed Robin
  1633 | D:3      | Found a glowing drain.
  1638 | Sewer    | Entered a sewer
  2266 | Sewer    | Reached skill level 5 in Fighting
  2266 | Sewer    | Reached skill level 1 in Maces & Flails
  2743 | D:3      | Reached XP level 6. HP: 40/40 MP: 6/6
  3141 | D:3      | Found an ancient bone altar of Kikubaaqudgha.
  3724 | D:4      | Found a staircase to the Ecumenical Temple.
  4025 | Temple   | Entered the Ecumenical Temple
  4264 | D:4      | Reached XP level 7. HP: 13/45 MP: 7/7
  4581 | D:4      | Killed from afar by an orc priest

Skill      XL: |  1  2  3  4  5 |
---------------+----------------+-----
Short Blades   | 2 |  2.3
Fighting       | 4 5 |  5.7
Dodging        | 1 |  1.9
Shields        | 4 |  4.5
Armour         | 4 |  4.4
Maces & Flails | 1 |  1.7

Action                   |  1- 3 |  4- 6 |  7- 9 || total
-------------------------+-------+-------+-------++-------
Melee: Rapier            |   149 |    64 |       ||   213
       Mace              |       |   618 |    23 ||   641
  Use: Potion            |       |     2 |     1 ||     3
  Eat: Chunk             |       |    13 |     1 ||    14
Armor: Scale mail        |    99 |    45 |       ||   144
       Chain mail        |       |   392 |    12 ||   404
Dodge: Dodged            |    71 |   189 |     1 ||   261
Block: Shield            |    78 |   381 |     6 ||   465
